Description

This is a build for fast DT harassement into a solid macro game Keep macro up after the DT harassement, go chargelot immortal archon for example

Build Order

Get SALT Encoding   

  14  0:17  Pylon  
  15  0:28  Assimilator  
  16  0:44  Gateway  
  20  1:22  Nexus  
  20  1:32  Cybernetics Core  
  21  1:41  Assimilator  
  22  1:51  Pylon  
  23  2:09  Stalker, Warp Gate  
  26  2:19  Twilight Council  
  29  2:37  Robotics Facility  
  33  3:01  Dark Shrine  
  34  3:12  Gateway x2  
  36  3:25  Warp Prism  
  38  3:38  Assimilator x2  
  40  3:48  Pylon x2, Observer  Fly with warp prism to the enemy base already
  51  4:13  Dark Templar x3  Keep macro up from now on, go chargelot immortal archon for example
Spawning Tool Build Advisor. Get it on Overwolf

Go to:

Details

  • Created by: ImpriG
  • Published on: Jan 26, 2020
  • Modified on: Feb 15, 2020
  • Patch: 4.11.0
Show
View Real Time Build Order
Export as new Build Order

Comments (0)

There are no comments. Be the first!

Create an account to comment!